Map: Arctic Dream LE

Players

Alebay - Winner!

  • Race: Protoss Protoss
  • Spawn Location: 12:00

MattBarry - Winner!

  • Race: Zerg Zerg
  • League: Gold
  • Spawn Location: 11:00

VOD

Have the link to the VOD?

Description

Time

  • Played on: Jan. 27, 2023, 4:45 p.m.
  • Length: 6:27
Show
View Real Time Build Order
Export as new Build Order

Alebay Protoss - Winner!

Build Orders:  

Get SALT Encoding   

  12  0:03  Probe (Chrono Boost)  
  14  0:20  Probe (Chrono Boost)  
  14  0:37  Probe (Chrono Boost)  
  15  0:58  Pylon  
  15  1:11  Assimilator  
  15  1:25  Gateway, Probe (Chrono Boost)  
  15  1:26  Gateway  
  16  1:41  Gateway  
  16  1:42  Probe (Chrono Boost)  
  17  1:59  Probe (Chrono Boost)  
  18  2:23  Zealot x2 (Chrono Boost)  
  22  2:46  Pylon  
  22  2:54  Pylon  
  22  3:05  Zealot (Chrono Boost)  
  22  3:17  Zealot x2 (Chrono Boost)  
  28  3:56  Zealot x3 (Chrono Boost)  
  30  4:23  Gateway  
  30  4:25  Gateway  
  30  4:27  Pylon  
  36  4:34  Zealot x3 (Chrono Boost)  
  36  5:28  Zealot x2 (Chrono Boost)  
  36  5:29  Zealot (Chrono Boost)  
Show
View Real Time Build Order
Export as new Build Order

MattBarry Zerg - Winner!

Build Orders:  

Get SALT Encoding   

  12  0:25  Spawning Pool  
  11  0:30  Drone  
  11  0:36  Extractor  
  11  0:41  Drone  
  11  0:49  Drone  
  13  1:01  Overlord  
  13  1:08  Drone  
  14  1:33  Zergling x4  
  16  1:46  Zergling x2  
  17  1:53  Queen  
  19  2:09  Zergling x2  
  20  2:25  Zergling x2  
  21  2:32  Zergling x2  
  22  2:49  Overlord  
  22  2:52  Metabolic Boost  
  22  3:17  Zergling x4  
  24  3:37  Zergling x4  
  24  3:38  Zergling x2  
  26  3:48  Zergling x2  
  22  4:12  Zergling x2  
  23  4:32  Zergling x2  
  23  4:33  Zergling x2  
  25  4:40  Zergling x2  
  25  4:41  Zergling x4  
  28  5:08  Zergling x4  
  28  5:23  Zergling x2  
  28  5:24  Zergling x4  
  26  5:36  Queen, Hatchery  
  26  5:38  Zergling x2  
Tags
 
League
Gold
Matchup
Co-op
Replay Pack
Multiplayer
Add a new tag
Caveats
  • Supply blocks, unpowered buildings, or Contaminate may cause inaccurate times.
  • Supply counts are checked every 10 seconds.